 Dungeon Crawl Stone Soup version 0.25-a0-410-g53dbb63 (webtiles) character file.

Game seed: 3747289241304805403, levelgen mode: deterministic

1200 CanOfBees the Caller (level 8, -3/48 HPs)
             Began as a Tengu Summoner on Jan 13, 2020.
             Was a Believer of Okawaru.
             Slain by an ice beast (7 damage)
             ... on level 8 of the Dungeon.
             The game lasted 00:14:56 (9680 turns).

CanOfBees the Caller (Tengu Summoner)               Turns: 9680, Time: 00:14:57

Health: -3/48      AC:  5    Str: 11    XL:     8   Next: 44%
Magic:  12/15      EV: 14    Int: 20    God:    Okawaru [**....]
Gold:   430        SH:  0    Dex: 20    Spells: 5/15 levels left

rFire    . . .     SeeInvis .   a - +0 trident (venom)
rCold    . . .     Gourm    .   (no shield)
rNeg     . . .     Faith    .   n - +0 ring mail
rPois    .         Spirit   .   (helmet restricted)
rElec    .         Reflect  .   (no cloak)
rCorr    .         Harm     .   (no gloves)
MR       .....                  (boots unavailable)
Stlth    ++........             (no amulet)
HPRegen  0.16/turn              H - +4 ring of intelligence
MPRegen  0.14/turn              M - +6 ring of dexterity

@: flying quickly and evasively, quick
A: beak, talons 3, able to fly
a: Stop Flying, Heroism, Renounce Religion


You were on level 8 of the Dungeon.
You worshipped Okawaru.
Okawaru was pleased with you.
You were hungry.

You visited 2 branches of the dungeon, and saw 9 of its levels.

You collected 430 gold pieces.

Inventory:

Hand Weapons
 a - a +0 trident of venom (weapon)
 b - a +0 halberd
 m - a +1 hand axe of flaming
 r - a +0 short sword of venom
Missiles
 d - 137 arrows
 p - 4 boomerangs
 u - 226 stones (quivered)
 v - 50 sling bullets
 w - 8 javelins
 y - 8 atropa-tipped darts
 F - 23 bolts
Armour
 e - a +0 large shield
 n - a +0 ring mail (worn)
 G - the cursed +1 robe of the Blessed Realm {rElec Stlth+}
   (You found it on level 5 of the Dungeon)

   It insulates you from electricity.
   It makes you more stealthy.
   It has a curse placed upon it.
Jewellery
 s - an uncursed ring of ice
 x - an uncursed ring of positive energy
 C - an uncursed ring of fire
 H - a +4 ring of intelligence (left hand)
 M - a +6 ring of dexterity (right hand)
Wands
 N - a wand of clouds (6)
Scrolls
 f - 2 scrolls of immolation
 g - a scroll of amnesia
 h - 2 scrolls of remove curse
 l - a scroll of fear
 q - 3 scrolls of magic mapping
 E - a scroll of teleportation
 K - a scroll of identify
 L - a scroll of enchant weapon {unknown}
Potions
 i - a potion of invisibility {unknown}
 j - a potion of berserk rage
 k - 5 potions of curing
 o - 2 potions of might
 t - a potion of agility {unknown}
 z - 3 potions of lignification {unknown}
 A - a potion of haste {unknown}
 B - a potion of cancellation {unknown}
 D - a potion of degeneration {unknown}
 I - a potion of brilliance {unknown}
 J - a potion of flight {unknown}
Comestibles
 c - 12 rations


   Skills:
 + Level 3.9 Fighting
 + Level 3.8 Polearms
 - Level 4.0 Armour
 + Level 3.1 Dodging
 - Level 2.0 Stealth
 + Level 4.1 Spellcasting
 + Level 7.3 Summonings
 + Level 3.1 Air Magic


You had 5 spell levels left.
You knew the following spells:

 Your Spells              Type           Power        Failure   Level  Hunger
a - Summon Small Mammal   Summ           ####         1%          1    None
b - Call Imp              Summ           ####....     1%          2    #......
c - Call Canine Familiar  Summ           ####....     4%          3    ###....
d - Summon Lightning Spi  Summ/Air       ####....     32%         4    ####...

Your spell library contained the following spells:

 Spells                   Type           Power        Failure   Level  Hunger
 Summon Guardian Golem    Hex/Summ       ###.....     19%         3    ###....
 Corona                   Hex            #......      28%         1    None
 Ensorcelled Hibernation  Hex/Ice        #.....       41%         2    #......
 Summon Ice Beast         Ice/Summ       ###.....     54%         4    ####...
 Confusing Touch          Hex            #.......     65%         3    ###....
 Dazzling Flash           Conj/Hex       #.....       65%         3    ###....
 Tukima's Dance           Hex            #.......     65%         3    ###....


Dungeon Overview and Level Annotations

Branches:
Dungeon (8/15)             Temple (1/1) D:4
   Lair: D:8-11

Altars:
Ashenzari
Cheibriados
Elyvilon
Fedhas
Gozag
Kikubaaqudgha
Makhleb
Nemelex Xobeh
Okawaru
Qazlal
Ru
Sif Muna
Trog
Vehumet
Wu Jian
Xom
Yredelemnul
The Shining One

Annotations:
D:8 Harold, Psyche


Innate Abilities, Weirdness & Mutations

You have a beak for a mouth.
You have claws for feet.
You can fly continuously.


Message History

You claw the ice beast, but do no damage.
Your peck misses the ice beast.
The ice beast is severely wounded.
A phantom comes into view.
The ice beast misses you.
Psyche zaps a wand.
The puff of flame misses your lightning spire.
The puff of flame hits you!
* * * LOW HITPOINT WARNING * * *
Your lightning spire shoots out a bolt of lightning at Psyche!
The bolt of electricity hits Psyche!
Your ring mail prevents you from hitting the ice beast.
Your kick misses the ice beast.
The ice beast is severely wounded.
The phantom blinks!
Psyche zaps a wand.
The puff of flame hits your lightning spire.
Your lightning spire completely resists.
The ice beast hits you.
* * * LOW HITPOINT WARNING * * *
The ice beast freezes you!
You die...

### ..# #.# .. # #.#
#.# ###.#######.#
..# #........##.#
#.#
#.#.........###..#
#####..##.....#
###..#.###.######
#.# #....#.#
#.@Y...#
##.###......#
#.8###ยง#
...........#.....@.
##.####...###.##K###
##.####...# #.##.#
##........# . #.#
..........##. #.#
.....#....## #.#
####......#


You could see Psyche, an ice beast, a kobold and a friendly lightning spire.

Vanquished Creatures
  Edmund (D:5)
  A sky beast (D:7)
  A phantom (D:4)
  An ogre (D:6)
  A water moccasin skeleton (D:6)
  A scorpion (D:6)
  A howler monkey (D:4)
  A centaur zombie (D:6)
  A jelly (D:8)
  2 hounds (D:4)
  An iguana (D:7)
  2 worker ants
  5 adders
  2 shadow imps
  An ooze (D:6)
  An adder zombie (D:6)
  An adder skeleton (D:6)
  A worm (D:2)
  4 dart slugs
  A leopard gecko (D:1)
  9 orcs
  4 ball pythons
  3 giant cockroaches
  8 goblins
  4 hobgoblins
  A jackal (D:2)
  A quokka (D:3)
  A bat (D:1)
  4 frilled lizards
  A jackal zombie (D:5)
  5 kobolds
  A leopard gecko skeleton (D:7)
  A quokka skeleton (D:4)
  A quokka zombie (D:6)
  6 rats
80 creatures vanquished.

Vanquished Creatures (collateral kills)
  A hippogriff (D:7)
  Sigmund (D:5)
  A water moccasin (D:8)
  An orc warrior (D:7)
  An ogre (D:5)
  An orc wizard (D:7)
  4 gnolls (D:2)
  An adder (D:7)
  7 orcs
  A bat (D:1)
  6 hobgoblins
  A kobold (D:1)
  A frilled lizard (D:1)
27 creatures vanquished.

Grand Total: 107 creatures vanquished

Notes
Turn   | Place    | Note
-------+----------+-------------------------------------------
     0 | D:1      | CanOfBees the Tengu Summoner began the quest for the Orb.
     0 | D:1      | Reached XP level 1. HP: 10/10 MP: 4/4
   966 | D:1      | Reached skill level 5 in Summonings
  1317 | D:1      | Reached XP level 2. HP: 16/16 MP: 1/6
  1482 | D:1      | Learned a level 2 spell: Call Imp
  2000 | D:1      | Reached XP level 3. HP: 20/20 MP: 7/7
  2333 | D:1      | Reached skill level 1 in Fighting
  3235 | D:2      | Learned a level 3 spell: Call Canine Familiar
  3471 | D:2      | Reached XP level 4. HP: 12/25 MP: 6/8
  4586 | D:4      | Reached skill level 1 in Armour
  4586 | D:4      | Gained mutation: You can fly continuously. [Tengu growth]
  4586 | D:4      | Reached XP level 5. HP: 29/30 MP: 8/10
  4794 | D:4      | Reached skill level 1 in Polearms
  4834 | D:4      | Reached skill level 6 in Summonings
  4945 | D:4      | Found a staircase to the Ecumenical Temple.
  4957 | Temple   | Entered the Ecumenical Temple
  5026 | Temple   | Became a worshipper of Warmaster Okawaru
  5086 | D:4      | Noticed a phantom
  5104 | D:4      | Killed a phantom
  5104 | D:4      | Reached XP level 6. HP: 35/35 MP: 7/11
  5437 | D:5      | Entered Level 5 of the Dungeon
  5650 | D:5      | Found a sparkling altar of Nemelex Xobeh.
  5865 | D:5      | Noticed Sigmund
  5874 | D:5      | Killed Sigmund
  6024 | D:5      | Reached * piety under Okawaru
  6024 | D:5      | Reached XP level 7. HP: 14/40 MP: 6/12
  6229 | D:5      | Got a fabulously ornate robe
  6446 | D:5      | Noticed Edmund
  6464 | D:5      | Killed Edmund
  6774 | D:5      | Learned a level 4 spell: Summon Lightning Spire
  7009 | D:6      | Reached skill level 1 in Air Magic
  8123 | D:7      | Reached ** piety under Okawaru
  8123 | D:7      | Reached skill level 7 in Summonings
  8123 | D:7      | Reached XP level 8. HP: 19/46 MP: 14/14
  9291 | D:7      | Noticed a hippogriff
  9300 | D:7      | Killed a hippogriff
  9422 | D:7      | Identified the cursed +1 robe of the Blessed Realm {rElec
                  | Stlth+} (You found it on level 5 of the Dungeon)
  9527 | D:8      | Noticed Harold
  9674 | D:8      | Noticed Psyche
  9680 | D:8      | Slain by an ice beast

Levels and vault maps discovered:
D:1:      giann_horns, layout_basic
D:2:      layout_loops_ring, minmay_fractal_squares_gapless_5
D:3:      layout_basic, hangedman_decor_slide_cut
D:4:      layout_loops_ring, minmay_temple_entry_drinking_statues, first_ration
D:5:      layout_gridville, basic_altar, sigmund_edmund_badplayer
D:6:      layout_loops_ring
D:7:      layout_gridville
D:8:      layout_loops_ring, erik_lair_orcish_takeover, serial_shops,
          nicolae_shop_overgrown_old_shop, grunt_livestock, uniq_harold,
          uniq_psyche, uniq_maggie
Temple:   regret_index_temple_sigil_plot

Skill      XL: |  1  2  3  4  5  6  7  8 |
---------------+-------------------------+-----
Summonings     | 5 6 7 |  7.3
Fighting       | 1 2 3 |  3.9
Dodging        | 3 |  3.1
Armour         | 1 2 3 4 |  4.0
Polearms       | 1 2 3 |  3.8
Spellcasting   | 3 4 |  4.1
Air Magic      | 2 3 |  3.1
Stealth        | |  2.0

Action                   |  1- 3 |  4- 6 |  7- 9 || total
-------------------------+-------+-------+-------++-------
Melee: Unarmed           |    27 |       |       ||    27
       Kick              |    18 |    28 |    19 ||    65
       Short sword       |    55 |       |       ||    55
       Peck              |     5 |     7 |    16 ||    28
       Halberd           |     3 |    53 |    29 ||    85
       Spear             |       |    38 |    18 ||    56
       Hand axe          |       |    12 |       ||    12
       Trident           |       |       |    63 ||    63
Throw: Stone             |     2 |    11 |     1 ||    14
 Cast: Summon Small Mamm |    14 |       |       ||    14
       Call Imp          |     7 |     5 |     8 ||    20
       Call Canine Famil |     1 |     4 |     6 ||    11
       Summon Lightning  |       |       |     1 ||     1
 Abil: Fly               |       |     1 |       ||     1
  Use: Scroll            |     2 |     6 |     4 ||    12
 Stab: Sleeping          |     1 |     2 |     1 ||     4
       Distracted        |       |       |     1 ||     1
  Eat: Chunk             |     9 |     8 |     8 ||    25
       Ration            |       |       |     1 ||     1
Armor: Robe              |     4 |       |       ||     4
       Ring mail         |     5 |    33 |    20 ||    58
Dodge: Dodged            |    61 |    61 |    61 ||   183

Table legend:
 A = Non-vault XP
 B = Vault XP
 C = Vault XP percentage of total XP
 D = Non-vault monster count
 E = Vault monster count
 F = Vault count percentage of total count
                 A         B        C        D         E       F
            +---------+---------+-------+---------+---------+-------
      Total |    1434 |     281 |  16.4 |     101 |       6 |   5.6
            +---------+---------+-------+---------+---------+-------
        D:1 |      43 |       0 |   0.0 |      27 |       0 |   0.0
        D:2 |      45 |      12 |  21.1 |      11 |       4 |  26.7
        D:3 |      41 |       0 |   0.0 |      16 |       0 |   0.0
        D:4 |     270 |       0 |   0.0 |       7 |       0 |   0.0
        D:5 |     114 |     269 |  70.2 |       8 |       2 |  20.0
        D:6 |     309 |       0 |   0.0 |      14 |       0 |   0.0
        D:7 |     481 |       0 |   0.0 |      15 |       0 |   0.0
        D:8 |     131 |       0 |   0.0 |       3 |       0 |   0.0
            +---------+---------+-------+---------+---------+-------
